Map: Romanticide LE

Players

Trap - Winner!

  • Race: Protoss Protoss
  • League: Master
  • Spawn Location: 11:00

Astrea

  • Race: Protoss Protoss
  • Spawn Location: 5:00

Event: DreamHack SC2 Masters 2020 Winter

VOD

Have the link to the VOD?

Description

Time

  • Played on: Nov. 12, 2020, 11:51 a.m.
  • Length: 14:32

All games in this series

Show
View Real Time Build Order
Export as new Build Order

Trap Protoss - Winner!

Build Orders: Phoenix Opening, Archon Immortal 

Get SALT Encoding   

  12  0:00  Probe  
  13  0:12  Probe  
  14  0:18  Pylon  
  14  0:24  Probe (Chrono Boost)  
  15  0:36  Gateway, Probe (Chrono Boost)  
  16  0:45  Probe (Chrono Boost)  
  16  0:46  Assimilator  
  17  0:51  Probe  
  18  0:57  Assimilator  
  18  1:03  Probe (Chrono Boost)  
  19  1:07  Gateway  
  20  1:12  Probe (Chrono Boost)  
  20  1:17  Probe (Chrono Boost)  
  20  1:24  Cybernetics Core  
  21  1:29  Probe  
  22  1:35  Pylon  
  22  1:41  Probe  
  23  1:53  Probe  
  24  2:00  Stalker x2  
  28  2:02  Warp Gate  
  28  2:12  Pylon  
  28  2:24  Stargate  
  28  2:30  Adept  
  28  2:34  Adept  
  32  2:48  Shield Battery  
  31  2:59  Nexus  
  31  3:07  Phoenix (Chrono Boost)  
  31  3:11  Probe  
  34  3:23  Phoenix (Chrono Boost), Probe  
  37  3:32  Pylon  
  37  3:37  Probe  
  38  3:48  Phoenix  
  38  3:49  Probe  
  37  4:01  Shield Battery, Probe  
  38  4:09  Stalker  
  38  4:13  Stalker, Probe  
  39  4:21  Phoenix (Chrono Boost)  
  41  4:24  Probe (Chrono Boost)  
  41  4:31  Probe (Chrono Boost)  
  43  4:36  Probe (Chrono Boost)  
  43  4:37  Phoenix (Chrono Boost)  
  44  4:44  Probe x2 (Chrono Boost)  
  48  4:51  Assimilator, Probe  
  48  4:52  Probe  
  50  4:59  Stargate  
  50  5:03  Probe  
  50  5:04  Probe  
  52  5:11  Phoenix  
  52  5:14  Pylon  
  53  5:15  Probe  
  53  5:16  Probe  
  53  5:20  Robotics Facility  
  54  5:27  Probe  
  55  5:28  Stalker, Probe  
  55  5:30  Stalker  
  55  5:34  Pylon  
  60  5:39  Probe  
  60  5:40  Probe  
  61  5:51  Probe  
  61  5:52  Probe  
  61  5:53  Forge, Assimilator  
  61  6:03  Adept x2, Probe  
  66  6:04  Probe  
  66  6:10  Observer (Chrono Boost)  
  68  6:15  Nexus, Probe  
  69  6:18  Probe  
  70  6:28  Probe, Immortal (Chrono Boost)  
  75  6:35  Sentry  
  75  6:36  Protoss Ground Weapons Level 1  
  75  6:37  Pylon  
  77  6:49  Twilight Council  
  77  6:55  Probe  
  78  7:08  Pylon  
  75  7:10  Pylon  
  75  7:12  Gateway  
  75  7:13  Charge (Chrono Boost)  
  75  7:14  Immortal (Chrono Boost)  
  75  7:15  Gateway  
  78  7:21  Gateway  
  78  7:22  Pylon  
  78  7:24  Gateway  
  78  7:26  Probe, Sentry x2  
  78  7:29  Probe x2  
  85  7:38  Probe  
  85  7:39  Gateway  
  85  7:43  Gateway  
  86  7:46  Gateway  
  86  7:53  Probe x3  
  86  7:56  Stalker  
  87  8:01  Stalker  
  89  8:07  Probe x3  
  84  8:13  Immortal (Chrono Boost)  
  88  8:23  Pylon  
  88  8:26  Zealot x2  
  88  8:27  Zealot x3  
  96  8:32  Templar Archives  
  98  8:40  Stalker  
  98  8:41  Stalker x2  
  102  8:45  Immortal (Chrono Boost)  
  102  8:51  Shield Battery  
  102  8:53  Probe x2  
  102  8:54  Assimilator  
  104  8:58  Assimilator, Zealot x2  
  108  9:02  Photon Cannon  
  108  9:09  High Templar  
  110  9:10  High Templar x3, Zealot  
  110  9:14  Archon x2  
  118  9:21  Warp Prism (Chrono Boost)  
  118  9:23  Sentry x2  
  124  9:28  Pylon  
  124  9:30  Pylon  
  124  9:38  Pylon  
  124  9:39  Pylon  
  124  9:52  Immortal (Chrono Boost)  
  126  10:03  High Templar x2, Zealot x2  
  126  10:04  Zealot x2  
  126  10:05  Zealot  
  126  10:06  High Templar  
  142  10:07  High Templar  
  142  10:08  Archon  
  142  10:11  Archon  
  142  10:12  Probe x3  
  142  10:13  Nexus  
  147  10:15  Pylon  
  147  10:20  Warp Prism (Chrono Boost)  
  135  10:39  Zealot x6  
  135  10:43  Zealot x2  
  117  11:01  Immortal (Chrono Boost)  
  117  11:02  Zealot x5  
  127  11:05  High Templar x2  
  127  11:10  High Templar  
  127  11:11  High Templar, Archon  
  127  11:12  Probe x3  
  127  11:13  Protoss Ground Weapons Level 2 (Chrono Boost)  
  127  11:15  Archon  
  122  11:32  Zealot x5, Observer (Chrono Boost)  
  130  11:39  Zealot x5  
  123  11:40  Zealot x2  
  123  11:46  Zealot x9  
  129  11:48  Warp Prism (Chrono Boost), Probe x4  
  133  11:57  Blink  
  133  11:59  Photon Cannon  
  133  12:08  Shield Battery  
  133  12:10  Shield Battery  
  133  12:12  High Templar  
  133  12:13  High Templar x4  
  133  12:14  High Templar, Zealot x3  
  147  12:17  Archon x2  
  147  12:18  Archon, Immortal (Chrono Boost)  
  150  12:35  Robotics Facility  
  150  12:37  Robotics Bay  
  150  12:38  Assimilator  
  150  12:40  Assimilator  
  150  12:42  Pylon x2, Zealot x3  
  156  12:45  Zealot x2  
  156  12:47  Zealot  
  150  13:04  High Templar x2, Zealot  
  150  13:05  Zealot x3, Immortal (Chrono Boost)  
  140  13:22  Archon  
  132  13:35  Immortal (Chrono Boost)  
  132  13:38  Pylon  
  132  13:39  Zealot x3  
  132  13:40  High Templar, Zealot x2  
  132  13:41  Zealot x2  
  142  13:54  Probe x3  
  143  14:00  High Templar, Zealot x3  
  149  14:06  Probe  
  149  14:08  Archon  
  143  14:21  Stalker x3  
Show
View Real Time Build Order
Export as new Build Order

Astrea Protoss 

Build Orders: Phoenix Opening 

Get SALT Encoding   

  12  0:00  Probe  
  13  0:12  Probe  
  14  0:17  Pylon  
  14  0:24  Probe (Chrono Boost)  
  15  0:36  Gateway  
  15  0:37  Probe (Chrono Boost)  
  16  0:44  Probe (Chrono Boost)  
  16  0:46  Assimilator  
  17  0:51  Probe  
  17  0:54  Assimilator  
  18  1:03  Probe (Chrono Boost)  
  19  1:07  Pylon  
  19  1:13  Probe (Chrono Boost)  
  19  1:18  Probe (Chrono Boost)  
  20  1:24  Cybernetics Core  
  21  1:29  Probe  
  22  1:41  Probe  
  23  1:53  Probe  
  24  2:00  Stalker (Chrono Boost)  
  24  2:01  Warp Gate  
  26  2:06  Probe  
  27  2:16  Stargate  
  27  2:19  Probe  
  27  2:21  Stalker (Chrono Boost)  
  30  2:30  Pylon  
  30  2:41  Nexus  
  30  2:56  Probe  
  30  2:57  Shield Battery  
  30  3:00  Phoenix (Chrono Boost)  
  30  3:04  Sentry  
  35  3:16  Gateway  
  35  3:17  Probe  
  35  3:23  Phoenix (Chrono Boost)  
  37  3:30  Probe  
  36  3:42  Probe  
  37  3:53  Stalker  
  37  3:54  Probe  
  37  3:55  Phoenix  
  39  4:00  Probe  
  40  4:08  Probe (Chrono Boost)  
  40  4:12  Probe (Chrono Boost)  
  41  4:20  Phoenix, Probe (Chrono Boost)  
  41  4:23  Probe (Chrono Boost)  
  45  4:26  Probe (Chrono Boost)  
  45  4:28  Probe (Chrono Boost)  
  46  4:33  Sentry  
  46  4:36  Probe  
  49  4:39  Pylon  
  49  4:45  Phoenix, Probe  
  49  4:48  Probe  
  53  4:58  Probe  
  54  5:00  Probe  
  54  5:01  Pylon  
  55  5:10  Probe  
  56  5:15  Probe  
  56  5:16  Nexus  
  57  5:22  Probe  
  57  5:24  Robotics Facility  
  57  5:28  Probe  
  53  5:29  Stalker x2  
  57  5:40  Probe  
  57  5:41  Twilight Council  
  56  5:43  Gateway  
  56  5:44  Probe  
  50  5:52  Probe  
  50  5:56  Stalker x2, Probe  
  51  6:04  Probe (Chrono Boost)  
  51  6:10  Probe (Chrono Boost)  
  53  6:16  Blink (Chrono Boost), Probe (Chrono Boost)  
  53  6:17  Assimilator  
  54  6:24  Probe (Chrono Boost)  
  55  6:26  Probe (Chrono Boost)  
  55  6:32  Probe (Chrono Boost)  
  58  6:34  Probe (Chrono Boost)  
  58  6:36  Forge, Probe (Chrono Boost)  
  58  6:40  Stalker, Probe (Chrono Boost)  
  58  6:41  Probe (Chrono Boost)  
  58  6:45  Probe (Chrono Boost)  
  58  6:46  Stalker, Probe x2 (Chrono Boost)  
  64  6:50  Stalker  
  64  6:55  Probe  
  64  6:58  Probe (Chrono Boost)  
  64  7:00  Probe (Chrono Boost)  
  62  7:09  Stalker x2  
  62  7:10  Probe (Chrono Boost)  
  62  7:13  Probe (Chrono Boost)  
  67  7:16  Probe (Chrono Boost)  
  67  7:17  Probe (Chrono Boost)  
  67  7:21  Stalker, Probe (Chrono Boost)  
  70  7:24  Probe (Chrono Boost)  
  70  7:26  Probe (Chrono Boost)  
  70  7:28  Protoss Ground Weapons Level 1  
  72  7:35  Probe (Chrono Boost)  
  72  7:36  Probe (Chrono Boost)  
  75  7:38  Probe (Chrono Boost)  
  75  7:40  Pylon, Probe (Chrono Boost)  
  75  7:43  Probe  
  77  7:44  Stalker x2  
  77  7:46  Pylon  
  77  7:47  Probe  
  82  7:57  Probe  
  79  8:05  Probe  
  78  8:08  Probe  
  73  8:13  Stalker  
  73  8:14  Stalker x2  
  73  8:17  Probe  
  81  8:24  Gateway  
  78  8:29  Gateway, Robotics Facility  
  78  8:32  Assimilator x2, Gateway  
  78  8:34  Probe x3  
  81  8:36  Gateway  
  81  8:39  Gateway  
  78  8:41  Pylon  
  78  8:47  Stalker x3  
  82  8:49  Probe x2 (Chrono Boost)  
  82  8:55  Probe (Chrono Boost)  
  80  8:59  Assimilator, Probe x2 (Chrono Boost)  
  83  9:03  Probe (Chrono Boost)  
  83  9:04  Probe x2 (Chrono Boost)  
  85  9:12  Stalker x3  
  85  9:13  Probe  
  85  9:15  Probe  
  93  9:19  Observer (Chrono Boost)  
  93  9:21  Probe  
  93  9:22  Robotics Bay  
  93  9:32  Protoss Ground Weapons Level 2 (Chrono Boost)  
  93  9:33  Pylon  
  93  9:36  Observer (Chrono Boost)  
  94  9:48  Stalker x3  
  98  9:56  Observer  
  98  9:58  Photon Cannon  
  98  10:00  Photon Cannon, Shield Battery  
  98  10:02  Shield Battery  
  98  10:04  Pylon, Shield Battery  
  98  10:09  Photon Cannon  
  98  10:10  Pylon  
  98  10:15  Stalker x3  
  98  10:16  Stalker x2  
  98  10:20  Photon Cannon  
  108  10:22  Pylon  
  106  10:31  Zealot x2  
  106  10:32  Zealot  
  112  10:41  Stalker x5  
  112  10:53  Zealot x3  
  99  11:05  Stalker x3  
  99  11:06  Stalker x2  
  95  11:19  Stalker x3  
  100  11:30  Stalker x3  
  100  11:31  Stalker x2  
  94  11:42  Stalker x3  
  94  11:44  Observer  
  94  11:49  Disruptor (Chrono Boost)  
  97  11:54  Stalker x4  
  103  12:12  Robotics Facility  
  103  12:15  Probe x3  
  106  12:20  Disruptor (Chrono Boost)  
  106  12:22  Pylon  
  104  12:32  Stalker x6  
  116  12:37  Pylon  
  116  12:38  Pylon  
  117  13:01  Stalker x6  
  100  13:27  Stalker  
  91  13:59  Nexus  
  81  14:23  Robotics Facility  
Tags
 
Add a new tag
Caveats
  • Supply blocks, unpowered buildings, or Contaminate may cause inaccurate times.
  • Supply counts are checked every 10 seconds.